 Seeded DCSS version 0.32-a0-999-gfa1cc04b1d (webtiles) character file.

Game seed: 1607466940364845191 (custom seed)

1577 wilfster70 the Gargoyle-At-Arms (level 8, -5/51 HPs)
             Began as a Gargoyle Fighter on Apr 25, 2024.
             Was a Believer of Okawaru.
             Slain by an orc warrior
             ... wielding a +0 trident
              (11 damage)
             ... on level 7 of the Dungeon.
             The game lasted 00:09:52 (5184 turns).

wilfster70 the Gargoyle-At-Arms (Gargoyle Fighter)  Turns: 5184, Time: 00:09:52

Health: -5/51      AC: 17    Str: 21    XL:     8   Next: 91%
Magic:  14/14      EV: 11    Int: 10    God:    Okawaru [**....]
Gold:   340        SH:  5    Dex:  9    Spells: 7/7 levels left

rFire   . . .        a - +0 morningstar
rCold   . . .        c - +0 buckler
rNeg    + . .        t - +0 acid dragon scales
rPois   ∞            e - +0 helmet
rElec   +            m - +0 cloak
rCorr   +            (no gloves)
SInv    .            (no boots)
Will    .....        (no amulet)
Stlth   ++           (no ring)
HPRegen 0.28/turn    (no ring)
MPRegen 0.14/turn

%: no passive effects
@: heroic
A: sickness immunity, AC +5, negative energy resistance 1, electricity
resistance, torment resistance 1, petrification resistance
a: Renounce Religion, Heroism


You were on level 7 of the Dungeon.
You worshipped Okawaru.
Okawaru was pleased with you.
You visited 1 branch of the dungeon, and saw 7 of its levels.

You collected 340 gold pieces.

Inventory:

Hand Weapons
 a - a +0 morningstar (weapon)
Armour
 c - a +0 buckler (worn)
 e - a +0 helmet (worn)
 m - a +0 cloak (worn)
 t - +0 acid dragon scales (worn)
Wands
 b - a wand of polymorph (10)
 o - a wand of mindburst (12)
 u - a wand of flame (21)
Scrolls
 f - 2 scrolls of enchant armour
 h - a scroll of enchant weapon
 j - 3 scrolls of teleportation
 l - a scroll of revelation {unknown}
 n - 5 scrolls of blinking
Potions
 d - a potion of might
 g - 2 potions of haste
 i - 3 potions of curing
 k - a potion of lignification
 p - a potion of heal wounds
 q - 3 potions of ambrosia
 r - a potion of degeneration {unknown}
 s - a potion of attraction {unknown}


   Skills:
 - Level 5.6(10.6) Fighting
 - Level 6.0(11.0) Maces & Flails
 + Level 5.1(10.1) Armour
 - Level 3.2(8.2) Shields
 - Level 8.0 Invocations


You had 7 spell levels left.
You didn't know any spells.
Your spell library contained the following spells:

 Spells                   Type           Power      Damage    Failure   Level
 Static Discharge         Conj/Air       0%         3-3/arc   63%         2
 Airstrike                Air            0%         2d(0-16)  99%         4
 Summon Lightning Spire   Summ/Air       Unusable   N/A       N/A         4

Dungeon Overview and Level Annotations

Branches:
Dungeon (7/15)             Temple (0/1) D:5

Altars:
Cheibriados
Nemelex Xobeh
Okawaru
Xom


Innate Abilities, Weirdness & Mutations

You are immune to sickness and miasma.
Your stone body is resilient. (AC +5)
You are immune to poison.
You resist negative energy. (rN+)
You are resistant to electric shocks. (rElec)
You are resistant to unholy torment.
You are immune to petrification.


Message History

The orc priest is severely wounded.
The orc priest barely misses you. The orc closely misses you.
The orc warrior hits you with a +0 trident.
You puncture the orc priest!
You kill the orc priest!
Okawaru accepts your kill. The orc closely misses you.
The orc warrior barely misses you.
You completely miss the orc warrior.
The orc warrior is lightly wounded.
The orc closely misses you. The orc warrior barely misses you.
You impale the orc warrior!!
The orc warrior is severely wounded.
The orc misses you. You block the orc warrior's attack.
You barely miss the orc warrior.
The orc warrior is severely wounded.
The orc barely misses you. The orc warrior misses you.
You hit the orc warrior.
The orc warrior is almost dead.
The orc hits you from afar with a +0 trident.
* * * LOW HITPOINT WARNING * * *
The orc warrior completely misses you.
You hit the orc warrior.
The orc warrior is almost dead.
The orc warrior misses you. The orc hits you but does no damage.
You hit the orc warrior but do no damage.
The orc warrior is almost dead.
The orc hits you from afar with a +0 trident.
* * * LOW HITPOINT WARNING * * *
The orc warrior hits you with a +0 trident.
* * * LOW HITPOINT WARNING * * *
You closely miss the orc warrior.
The orc warrior is almost dead.
The orc closely misses you.
The orc warrior hits you with a +0 trident.
* * * LOW HITPOINT WARNING * * *
You closely miss the orc warrior.
The orc warrior is almost dead.
The orc closely misses you. The orc warrior completely misses you.
The orc warrior hits you from afar with a +0 trident!
You die... #.###...#.##.........# #.##.......+.........+ #.........##......... #####..#### ....... #.#.# ..... ##.## ofo

#.# #o# #.#
#######.# #.#
#.....@.# #.#
#.#####.#####
#.###.# #.....#
#.....# #...#.#
#####.#
#..##.#######.
#.#####.#...........
#.........#.########
#####.......#
#########


You could see an orc warrior, a sleepcap and an orc.

Vanquished Creatures
  Maggie (D:6)
  Grinder (D:4)
  2 black bears (D:6)
  An ogre (D:5)
  A phantom (D:6)
  Blork the orc (D:5)
  A bullfrog (D:6)
  2 scorpions
  A howler monkey (D:4)
  An orc priest (D:7)
  A bombardier beetle (D:4)
  2 jellies
  Crazy Yiuf (D:5)
  A hound (D:4)
  A sleepcap (D:4)
  An iguana (D:5)
  3 orc wizards
  8 adders
  4 dart slugs
  3 ribbon worms
  8 orcs
  7 endoplasms
  4 giant cockroaches
  7 goblins
  6 hobgoblins
  6 kobolds
  5 quokkas
  8 ball pythons
  5 bats
  6 frilled lizards
  4 rats (D:1)
103 creatures vanquished.

Notes
Turn   | Place    | Note
-------+----------+-------------------------------------------
     0 | D:1      | wilfster70 the Gargoyle Fighter began the quest for the
                  | Orb.
     0 | D:1      | Reached XP level 1. HP: 14/14 MP: 1/1
   336 | D:1      | Reached XP level 2. HP: 18/19 MP: 2/2
   836 | D:1      | Reached XP level 3. HP: 24/24 MP: 3/3
  1079 | D:2      | Reached XP level 4. HP: 29/29 MP: 4/4
  1163 | D:2      | Found a faded altar of an unknown god.
  1246 | D:2      | Found an iron altar of Okawaru.
  1286 | D:2      | Became a worshipper of Warmaster Okawaru
  2131 | D:4      | Noticed Grinder
  2156 | D:4      | Paralysed by Grinder for 4 turns
  2164 | D:4      | Paralysed by Grinder for 4 turns
  2169 | D:4      | Killed Grinder
  2170 | D:4      | Reached skill level 5 in Fighting
  2170 | D:4      | Reached skill level 5 in Maces & Flails
  2170 | D:4      | Reached XP level 5. HP: 7/35 MP: 5/5
  2170 | D:4      | Reached XP level 6. HP: 8/40 MP: 6/6
  2357 | D:4      | Found a shimmering altar of Xom.
  2464 | D:4      | Reached * piety under Okawaru
  2494 | D:4      | Reached XP level 7. HP: 25/45 MP: 7/7
  2572 | D:4      | Found the +5 moon troll leather armour {Spirit, Regen++
                  | MP+5}
  2617 | D:4      | Reached skill level 1 in Invocations
  2620 | D:4      | Reached skill level 2 in Invocations
  3153 | D:5      | Entered Level 5 of the Dungeon
  3167 | D:5      | Noticed Blork the orc
  3179 | D:5      | Killed Blork the orc
  3180 | D:5      | Reached skill level 3 in Invocations
  3184 | D:5      | Reached skill level 4 in Invocations
  3582 | D:5      | Found a snail-covered altar of Cheibriados.
  3835 | D:5      | Found a runed translucent door.
  3836 | D:5      | Noticed Crazy Yiuf
  3850 | D:5      | Killed Crazy Yiuf
  3990 | D:5      | Found a staircase to the Ecumenical Temple.
  4247 | D:6      | Noticed Maggie
  4260 | D:6      | Reached skill level 5 in Invocations
  4260 | D:6      | Reached XP level 8. HP: 51/51 MP: 10/12
  4270 | D:6      | Killed Maggie
  4270 | D:6      | Reached ** piety under Okawaru
  4271 | D:6      | Reached skill level 7 in Invocations
  4649 | D:6      | Reached skill level 8 in Invocations
  4858 | D:6      | Found a sparkling altar of Nemelex Xobeh.
  5108 | D:7      | Reached skill level 5 in Armour
  5184 | D:7      | Slain by an orc warrior

Illustrated notes

Levels and vault maps discovered:
D:1:      tarquinn_simple_flora_water_e, layout_loops_corners
D:2:      layout_loops_ring, shapermc_ecumenical_altar_gd, basic_altar,
          minmay_misc_feat_tiny, kennysheep_nondescript, minmay_split_cup_small
D:3:      layout_basic
D:4:      layout_basic, nicolae_overflow_hidden_temple, serial_bayou,
          serial_bayou_pond_c, serial_bayou_lake_a, uniq_grinder
D:5:      layout_basic, slow_altar_2, minmay_temple_entry_poolview,
          uniq_blork_the_orc, uniq_crazy_yiuf_cottage
D:6:      layout_cave_pods, nemelex_xobeh_ov_fountains_minmay, uniq_maggie
D:7:      lemuel_insect_pit, layout_loops_corners,
          hellmonk_sif_muna_bookshelves, nicolae_qazlal_beasts_of_the_sky,
          uniq_prince_ribbit1

Skill      XL: |  1  2  3  4  5  6  7  8 |
---------------+-------------------------+-----
Maces & Flails | 3 5 6 |  6.0
Fighting       | 4 5 |  5.6
Invocations    | 5 8 |  8.0
Armour         | 5 |  5.1
Shields        | |  3.2

Action                     |  1- 3 |  4- 6 |  7- 9 || total
---------------------------+-------+-------+-------++-------
  Melee: Flail             |    47 |       |       ||    47
         Morningstar       |    82 |   133 |   166 ||   381
 Invoke: Heroism           |       |       |     4 ||     4
  Evoke: Wand              |       |       |     3 ||     3
    Use: Potion            |       |     2 |     1 ||     3
         Scroll            |       |       |    10 ||    10
 Armour: Scale mail        |   141 |   119 |    67 ||   327
         Acid dragon scale |       |       |    77 ||    77
  Dodge: Dodged            |    45 |    72 |    91 ||   208
  Block: Buckler           |    30 |    34 |    44 ||   108

Table legend: (Time is in decaauts)
 A = Elapsed time spent in this place.
 B = Non-inter-level travel time spent in this place.
 C = Inter-level travel time spent in this place.
 D = Time resting spent in this place.
 E = Time spent auto-exploring this place.
 F = Levels seen in this place.
 G = Mean time per level.
                   A        B        C        D        E       F      G
               +--------+--------+--------+--------+--------+-----+--------+
         Total |   5322 |   5103 |    219 |    356 |   3156 |   7 |  760.3 |
       Dungeon |   5322 |   5103 |    219 |    356 |   3156 |   7 |  760.3 |
               +--------+--------+--------+--------+--------+-----+--------+

Top non-repeatable levels by time:
     D:6: 1086 daAuts
     D:4: 1049 daAuts
     D:1: 945 daAuts
     D:5: 857 daAuts
     D:2: 725 daAuts
     D:3: 572 daAuts
     D:7: 86 daAuts
